 Dungeon Crawl Stone Soup version 0.13.0-7-g3df9ff1 (webtiles) character file.

314288 Leibowitz the Acrobat (level 21, -9/178 HPs)
             Began as a Merfolk Berserker on Oct 15, 2013.
             Was the Champion of Okawaru.
             Mangled by a yaktaur captain
             ... wielding a +0,+2 orcish bardiche
              (10 damage)
             ... on Level 2 of the Vaults on Oct 16, 2013.
             The game lasted 05:29:31 (69173 turns).

Leibowitz the Acrobat (Merfolk Berserker)          Turns: 69173, Time: 05:29:32

HP  -9/178       AC 14     Str 21      XL: 21   Next: 26%
MP  23/23        EV 37     Int 14      God: Okawaru [******]
Gold 3553        SH  0     Dex 22      Spells:  2 memorised, 17 levels left

Res.Fire  : . . .   See Invis. : +   a - +5,+7 bardiche (freeze)
Res.Cold  : . . .   Warding    : .   S - +1 leather armour of the Wild Haggis {Acc+3 Dam+4}
Life Prot.: . . .   Conserve   : .   (no shield)
Res.Poison: .       Res.Corr.  : .   Q - +1 dwarf helmet {Int+3}
Res.Elec. : .       Clarity    : .   H - +1 cloak "Qabb" {+Blink +Rage +Inv Int+4 Dam+4}
Sust.Abil.: . .     Spirit.Shd : .   U - +0 pair of gloves {Str+3}
Res.Mut.  : .       Stasis     : .   w - +2 pair of boots {Stlth+}
Res.Rott. : .       Flight     : .   j - amulet of faith
Saprovore : . . .                    B - +0,+6 ring of slaying
                                     v - ring of see invisible

@: heroism, quite resistant to hostile enchantments, extraordinarily stealthy
A: change form in water, swift swim
a: Heroism, Finesse, Renounce Religion, Evoke Blink, Evoke Berserk Rage, Evoke
Invisibility
}: 2/15 runes: decaying, gossamer


You were on level 2 of the Vaults.
You worshipped Okawaru.
Okawaru was exalted by your worship.
You were not hungry.

You visited 8 branches of the dungeon, and saw 49 of its levels.
You visited the Abyss 1 time.
You also visited: Sewer.

You collected 4700 gold pieces.
You spent 1167 gold pieces at shops.

Inventory:

Hand weapons
 a - a +5,+7 bardiche of freezing (weapon)
 N - a +3,+3 glaive of flaming
 P - a +2,+10 trident of venom
 R - a +0,+4 demon trident of draining
Missiles
 d - 3 javelins (quivered)
Armour
 e - a +1 pair of gauntlets of dexterity
 w - a +2 pair of boots of stealth (worn)
 x - a +1 helmet of intelligence
 E - a +2 pair of boots of flying
 G - a +1 cloak of preservation
 H - the +1 cloak "Qabb" (worn) {+Blink +Rage +Inv Int+4 Dam+4}
   (Okawaru gifted it to you on level 18 of the Dungeon)

   It affects your intelligence (+4).
   It affects your damage-dealing abilities (+4).
   It lets you turn invisible.
   It lets you blink.
   It lets you go berserk.
 Q - a +1 dwarven helmet of intelligence (worn)
 S - the cursed +1 leather armour of the Wild Haggis (worn) {Acc+3 Dam+4}
   (Okawaru gifted it to you on level 5 of the Spider Nest)

   It affects your accuracy (+3).
   It affects your damage-dealing abilities (+4).
   It has a curse placed upon it.
 U - a +0 pair of gloves of strength (worn)
Magical devices
 f - a wand of invisibility (2)
 m - a wand of disintegration (15)
 s - a wand of hasting (5)
 A - a wand of paralysis (10)
 M - a wand of teleportation (2)
 T - a wand of fire (2)
Comestibles
 L - 8 meat rations
Scrolls
 g - 10 scrolls of identify
 h - 7 scrolls of magic mapping
 k - 9 scrolls of remove curse
 o - 3 scrolls of fog
 u - a scroll of recharging
 y - a scroll of summoning
 z - 3 scrolls of fear
 C - 6 scrolls of teleportation
 V - 2 scrolls of silence
Jewellery
 b - an uncursed amulet of conservation
 c - an uncursed amulet of resist mutation
 j - an amulet of faith (around neck)
 l - a +4 ring of dexterity
 t - a +4 ring of strength
 v - a ring of see invisible (left hand)
 B - a +0,+6 ring of slaying (right hand)
 I - an uncursed ring of flight
 W - an uncursed ring of protection from fire
Potions
 n - 2 potions of brilliance
 p - 10 potions of curing
 q - a potion of magic
 r - a potion of agility
 F - 3 potions of might
 J - a potion of resistance
 K - a potion of speed
 O - 5 potions of restore abilities
 X - a potion of invisibility
 Y - a potion of flight
Books
 D - a book of Battle

   Spells                             Type                      Level
   *Infusion                          Charms                       1
   Shroud of Golubria                 Charms/Translocation         2
   Song of Slaying                    Charms                       2
   Spectral Weapon                    Hexes/Charms                 3
   Regeneration                       Charms/Necromancy            3
   Song of Shielding                  Charms                       4
Miscellaneous
 i - a phial of floods


   Skills:
 * Level 19.3(24.3) Fighting
 + Level 25.7(27) Polearms
 + Level 3.8(8.8) Throwing
 - Level 1.3(6.3) Armour
 * Level 26.7(27) Dodging
 + Level 12.1(17.1) Stealth
 + Level 0.7 Charms
 + Level 2.0 Invocations
 + Level 2.1 Evocations


You had 17 spell levels left.
You knew the following spells:

 Your Spells              Type           Power        Failure   Level  Hunger
a - Freezing Aura         Chrm/Ice       #.........   43%         2    ###....
b - Infusion              Chrm           #.....       24%         1    ##.....


Dungeon Overview and Level Annotations

Branches:
Dungeon (21/27)            Temple (1/1) D:5             Orc (4/4) D:8
    Elf (3/3) Orc:3          Lair (8/8) D:9           Swamp (5/5) Lair:3
 Spider (5/5) Lair:5        Slime (0/6) Lair:6       Vaults (2/5) D:16
  Crypt: Vaults:2-3

Altars:
Ashenzari
Cheibriados
Elyvilon
Fedhas
Kikubaaqudgha
Makhleb
Nemelex Xobeh
Okawaru
Sif Muna
Trog
Vehumet
Xom
Yredelemnul
Zin
the Shining One

Shops:
D:7 /   D:8 (   Orc:1 [   Orc:3 /![   Orc:4 }[[[   Elf:3 /!}   Vaults:1 *?[%*

Portals:
Hell: D:21

Annotations:
D:21 Margery
Spider:2 Arachne


Message History

* * * LOW HITPOINT WARNING * * *
Read which item? (? for menu, Esc to quit)
Okay, then.
Drink which item? (? for menu, Esc to quit)
You feel better. The centaur warrior misses you.
The centaur warrior hits you but does no damage.
The vault guard misses you.
Drink which item? (? for menu, Esc to quit)
You feel better. The centaur warrior misses you.
The yaktaur captain misses you.
Drink which item? (? for menu, Esc to quit)
You feel better.
The centaur warrior completely misses you.
The vault guard hits you with a bardiche of flaming!
* * * LOW HITPOINT WARNING * * *
The vault guard burns you!
* * * LOW HITPOINT WARNING * * *
The centaur warrior completely misses you.
The yaktaur captain hits you from afar with an orcish bardiche!
You die...

..# #....... ..# #.......
..# #.....(. [.#
###################.......
....
.......................(..
....
..........................
...
.........c.................
##
#...!...).c................
#........@@................
.........))%..............
..........................
....####################..
... #.. . #.. #.. #.. #..


You could see a yaktaur captain, a vault guard and a centaur warrior.

Vanquished Creatures
  Saint Roka (Swamp:5)
  Norris (Elf:2)
  Jory (Spider:5)
  Nikola (Vaults:1)
  2 tentacled monstrosities
  A quicksilver dragon (D:21)
  A storm dragon (D:21)
  A lich (D:21)
  Agnes (Swamp:4)
  Roxanne (D:17)
  2 fire giants (D:21)
  An orc warlord (Orc:4)
  Donald (D:16)
  6 vault wardens
  3 emperor scorpions (Spider:5)
  4 ghost moths (Spider:5)
  Jorgrun (Vaults:1)
  10 stone giants
  2 deep elf demonologists (Elf:3)
  2 deep elf annihilators
  Snorg (Elf:2)
  4 dragons
  A deep elf high priest (Elf:3)
  An ironheart preserver (Vaults:1)
  5 ice dragons
  12 yaktaur captains
  2 great orbs of eyes (D:21)
  2 ravenous feature mimics
  Fannar (Lair:2)
  17 hydras
  7 alligators
  2 very ugly things
  5 orc high priests
  Urug (Orc:3)
  A storm dragon zombie (D:21)
  12 centaur warriors
  9 ogre magi
  2 iron trolls
  13 deep elf knights
  A catoblepas (D:15)
  A shadow demon (Elf:3)
  A hell knight (D:21)
  3 skeletal warriors (D:16)
  2 deep trolls
  A storm dragon skeleton (D:21)
  3 swamp dragons
  A flayed ghost (D:20)
  2 wizards
  A necromancer (D:21)
  4 unseen horrors
  4 ironbrand convokers
  5 harpies (D:18)
  6 giant amoebae
  21 orc knights
  5 orc sorcerers
  Joseph (D:8)
  A cyclops (shapeshifter) (D:21)
  20 hill giants
  A wolf spider zombie (D:15)
  A lindwurm (shapeshifter) (Vaults:1)
  3 griffons
  11 cyclopes
  10 deep elf conjurers
  48 wolf spiders
  6 stone giant zombies
  10 red wasps
  2 oklob plants
  2 fire giant skeletons (D:21)
  A moth of wrath (Spider:5)
  2 deep elf summoners
  Maurice (Orc:2)
  14 elephants
  6 spiny worms
  26 spiny frogs
  2 item mimics
  4 stone giant skeletons
  6 black mambas
  29 yaktaurs
  4 vault sentinels
  Psyche (D:10)
  A vapour (Swamp:5)
  An efreet (D:17)
  3 hellwings
  18 orb spiders
  A smoke demon (Abyss:1)
  An iron troll zombie (Vaults:1)
  A redback zombie (D:20)
  4 feature mimics
  An elf (shapeshifter) (D:16)
  8 komodo dragons
  10 deep elf priests
  12 demonic crawlers
  29 jumping spiders
  4 iron troll skeletons
  7 trolls
  17 humans (D:16)
  2 fire drakes
  8 giant leeches
  17 trapdoor spiders
  A raven (Swamp:2)
  49 slime creatures
  2 hydra skeletons
  6 bog bodies
  A griffon zombie (D:12)
  A boulder beetle (Lair:5)
  8 baby alligators
  2 shadows
  A vampire (D:15)
  A grizzly bear (Swamp:4)
  A stone giant simulacrum (D:21)
  26 two-headed ogres
  2 dragon skeletons (D:17)
  2 ettin skeletons
  28 redbacks
  A basilisk (shapeshifter) (D:18)
  2 griffon skeletons
  57 ugly things
  2 brown oozes (Lair:6)
  34 yaks
  21 deep elf magi
  A wyvern (D:17)
  2 basilisks
  4 hill giant zombies
  2 wraiths
  The ghost of shugdite the Shield-Bearer, an average MiFi (D:4)
  4 sharks
  Eustachio (D:4)
  A spiny worm zombie (D:16)
  17 blink frogs
  23 deep elf fighters
  29 tarantellas
  2 hill giant skeletons
  4 swamp worm simulacra (Swamp:5)
  4 hungry ghosts
  2 rock worms (Vaults:1)
  49 vampire mosquitoes
  13 wolves
  11 hippogriffs
  Edmund (D:8)
  2 deep troll zombies
  20 hydra simulacra (Swamp:5)
  43 swamp worms
  A sky beast (shapeshifter) (D:20)
  2 deep troll skeletons (D:21)
  2 manticores
  3 mottled dragons
  4 freezing wraiths
  2 sky beasts
  2 phantoms
  45 orc warriors
  11 ice beasts
  6 swamp drakes
  6 porcupines
  A small abomination (Abyss:1)
  2 black bears
  13 centaurs
  19 crocodiles
  2 giant goldfish (Spider:3)
  A yellow wasp (Spider:2)
  3 boring beetles
  65 ogres
  A rotting devil (Vaults:2)
  10 giant slugs
  2 wargs
  7 big kobolds
  A brain worm (D:21)
  Blork the orc (D:8)
  15 water moccasins
  29 giant frogs
  26 insubstantial wisps
  2 yaktaur skeletons
  An earth elemental (Vaults:2)
  A wyvern skeleton (D:8)
  A boulder beetle zombie (D:17)
  A cyclops skeleton (D:13)
  5 eyes of draining
  2 yak zombies
  A troll zombie (D:12)
  20 killer bees
  8 electric eels
  4 wights (D:13)
  9 crimson imps
  3 goliath beetles
  12 agate snails
  2 jellies
  13 jellyfish
  2 boring beetle zombies (D:21)
  2 giant frog zombies
  2 quasits
  A soldier ant zombie (D:15)
  33 spiders
  31 big fish
  27 orc priests
  A black bear zombie (D:8)
  A centaur zombie (D:12)
  19 hounds
  7 iguanas
  A giant frog skeleton (D:11)
  A gnoll shaman (Orc:4)
  9 orange rats
  13 scorpions
  A cyclops simulacrum (D:16)
  45 orc wizards
  4 giant goldfish simulacra (Swamp:5)
  13 worker ants
  Ijyb (D:3)
  Jessica (D:3)
  5 boggarts (Vaults:2)
  28 sheep
  Terence (D:3)
  23 adders
  10 giant centipedes
  9 gnolls
  A worm zombie (D:7)
  47 green rats
  2 inept feature mimics
  9 giant mites
  3 worms
  A giant centipede zombie (D:15)
  An adder zombie (D:5)
  A giant eyeball (D:7)
  2 oozes
  190 orcs
  17 ball pythons
  6 giant cockroaches
  19 goblins
  23 grey rats
  19 hobgoblins
  28 jackals
  12 quokkas
  28 bats
  4 giant geckos
  13 giant newts
  2 giant spores
  55 kobolds
  A kobold skeleton (D:8)
  An orc zombie (D:6)
  33 rats
  2 ballistomycetes
  3 butterflies (D:21)
  2 fungi
2226 creatures vanquished.

Vanquished Creatures (collateral kills)
  Rupert (Swamp:1)
  Aizul (Spider:1)
  A swamp dragon (Swamp:1)
  A wolf spider (Spider:1)
  6 elephants
  A black mamba (Lair:6)
  A spiny frog (Lair:8)
  2 fire drakes (Lair:6)
  A troll (Swamp:5)
  2 giant leeches
  2 vampire mosquitoes (Swamp:4)
  3 swamp worms
  A giant goldfish (Lair:8)
  2 orc warriors (Swamp:5)
  7 insubstantial wisps (Swamp:5)
  6 jellyfish (Lair:8)
  A spider (Spider:1)
  2 big fish
  3 orc priests
  An orc wizard (Swamp:5)
  An orange rat (Lair:6)
  4 sheep (Lair:8)
  A worm (Spider:1)
  5 orcs
  A bat (D:8)
57 creatures vanquished.

Vanquished Creatures (others)
  A fire giant (D:21)
  An ogre mage (D:20)
  A hydra (Swamp:5)
  A hill giant (Lair:6)
  A demonic crawler (Spider:4)
  A two-headed ogre (D:20)
  2 deep elf fighters
  2 swamp worms (Swamp:5)
  An ogre (Swamp:5)
  An orc wizard (Orc:4)
  A scorpion (Lair:5)
  5 orcs
  A kobold (D:13)
  4 fungi
  5 plants
28 creatures vanquished.

Grand Total: 2311 creatures vanquished

Notes
Turn   | Place    | Note
--------------------------------------------------------------
     0 | D:1      | Leibowitz, the Merfolk Berserker, began the quest for the Orb.
     0 | D:1      | Reached XP level 1. HP: 18/18 MP: 0/0
   181 | D:1      | Reached XP level 2. HP: 21/24 MP: 1/1
   510 | D:1      | Found a snail-covered altar of Cheibriados.
   658 | D:1      | Acquired Trog's second power
   658 | D:1      | Reached skill level 5 in Polearms
   658 | D:1      | Reached XP level 3. HP: 26/30 MP: 2/2
  1331 | D:2      | Reached XP level 4. HP: 27/37 MP: 3/3
  2083 | D:2      | Reached skill level 6 in Polearms
  2083 | D:2      | Reached XP level 5. HP: 28/42 MP: 4/4
  2172 | D:2      | Found a sparkling altar of Nemelex Xobeh.
  2173 | D:2      | Found a deep blue altar of Sif Muna.
  2747 | D:3      | Found a sparkling altar of Nemelex Xobeh.
  2835 | D:3      | Noticed Jessica
  2912 | D:3      | Killed Jessica
  3119 | D:3      | Noticed Terence
  3149 | D:3      | Killed Terence
  3149 | D:3      | Reached skill level 5 in Dodging
  3413 | D:3      | Reached XP level 6. HP: 22/49 MP: 5/5
  3621 | D:3      | Noticed Ijyb
  3641 | D:3      | Killed Ijyb
  3736 | D:3      | Acquired Trog's third power
  4244 | D:4      | Noticed shugdite's ghost (average MiFi)
  4259 | D:4      | Killed shugdite's ghost
  4259 | D:4      | Reached skill level 7 in Polearms
  4259 | D:4      | Reached XP level 7. HP: 48/55 MP: 6/6
  4426 | D:4      | Reached skill level 5 in Fighting
  4640 | D:4      | Found a glowing silver altar of Zin.
  4658 | D:4      | Reached skill level 1 in Throwing
  4683 | D:4      | Found a blossoming altar of Fedhas.
  4865 | D:4      | Noticed Eustachio
  5179 | D:4      | Reached skill level 8 in Polearms
  5220 | D:4      | Killed Eustachio
  5220 | D:4      | Reached XP level 8. HP: 62/62 MP: 7/7
  5658 | D:5      | Entered Level 5 of the Dungeon
  5785 | D:5      | Found an ancient bone altar of Kikubaaqudgha.
  5999 | D:5      | Found a glowing drain.
  6014 | Sewer    | Entered a sewer
  6421 | Sewer    | Received a gift from Trog
  6426 | Sewer    | Reached skill level 9 in Polearms
  6842 | D:5      | Found a basalt altar of Yredelemnul.
  6878 | D:5      | Found a staircase to the Ecumenical Temple.
  7015 | Temple   | Entered the Ecumenical Temple
  7348 | D:5      | Found a snail-covered altar of Cheibriados.
  8180 | D:7      | Reached skill level 10 in Dodging
  8404 | D:7      | Reached skill level 1 in Stealth
  8404 | D:7      | Reached XP level 9. HP: 68/68 MP: 8/8
  8526 | D:7      | Found Strebo Nuodo's Magical Wand Shop.
  8949 | D:8      | Found Mniantegh's Antique Weapon Shop.
  8970 | D:8      | Noticed Blork the orc
  8980 | D:8      | Killed Blork the orc
  9015 | D:8      | Reached skill level 10 in Polearms
  9111 | D:8      | Found a staircase to the Orcish Mines.
  9124 | D:8      | Received a gift from Trog
  9124 | D:8      | Reached skill level 11 in Dodging
  9385 | D:8      | Noticed Edmund
  9394 | D:8      | Killed Edmund
  9513 | D:8      | Noticed Joseph
 10269 | D:8      | Killed Joseph
 10269 | D:8      | Reached skill level 12 in Dodging
 10269 | D:8      | Reached XP level 10. HP: 58/76 MP: 9/9
 10836 | D:9      | Found a staircase to the Lair.
 11169 | Lair:1   | Entered Level 1 of the Lair of Beasts
 11707 | Lair:1   | Received a gift from Trog
 11887 | Lair:1   | Reached skill level 13 in Dodging
 12966 | Lair:1   | Noticed a black mamba
 12973 | Lair:1   | Killed a black mamba
 12973 | Lair:1   | Reached XP level 11. HP: 53/84 MP: 10/10
 13361 | Lair:1   | Received a gift from Trog
 13361 | Lair:1   | Reached skill level 14 in Polearms
 14051 | Lair:2   | Noticed Fannar
 14072 | Lair:2   | Killed Fannar
 14434 | Lair:3   | Found a staircase to the Swamp.
 14496 | Lair:3   | Reached skill level 1 in Evocations
 14563 | Lair:3   | Noticed a seven-headed hydra
 14576 | Lair:3   | Killed a seven-headed hydra
 14576 | Lair:3   | Reached skill level 15 in Polearms
 15136 | Lair:3   | Noticed a five-headed hydra
 15154 | Lair:3   | Killed a five-headed hydra
 15156 | Lair:3   | Received a gift from Trog
 15189 | Lair:3   | Reached XP level 12. HP: 56/93 MP: 13/13
 15402 | Lair:3   | Noticed a six-headed hydra
 15409 | Lair:3   | Killed a six-headed hydra
 15480 | Lair:3   | Reached skill level 15 in Dodging
 16113 | Lair:4   | Reached skill level 16 in Polearms
 16138 | Lair:4   | Noticed an eight-headed hydra
 16208 | Lair:4   | Reached skill level 5 in Stealth
 16453 | Lair:4   | Killed an eight-headed hydra
 16695 | Lair:4   | Received a gift from Trog
 16695 | Lair:4   | Reached skill level 10 in Fighting
 16880 | Lair:4   | Got a flickering lead ring
 16881 | Lair:4   | Identified the ring "Istasajo" {MP+9 Acc+4} (You found it on level 4 of the Lair of Beasts)
 17281 | Lair:4   | Reached skill level 17 in Polearms
 17500 | Lair:5   | Found a hole to the Spider Nest.
 17811 | Spider:1 | Entered Level 1 of the Spider Nest
 18155 | Spider:1 | Noticed Aizul
 18166 | Spider:1 | Reached XP level 13. HP: 93/100 MP: 14/14
 18167 | Spider:1 | Killed Aizul
 18390 | Lair:5   | Got an ancient spear
 18391 | Lair:5   | Identified the spear "Geloimel" {speed, Int+2} (You found it on level 5 of the Lair of Beasts)
 18439 | Lair:5   | Received a gift from Trog
 19497 | Lair:6   | Found a staircase to the Slime Pits.
 19959 | Lair:6   | Received a gift from Trog
 20447 | Lair:7   | Reached skill level 18 in Polearms
 20903 | Lair:8   | Entered Level 8 of the Lair of Beasts
 21653 | Lair:8   | Reached XP level 14. HP: 38/110 MP: 15/15
 22038 | Lair:8   | Received a gift from Trog
 22582 | Lair:8   | Reached skill level 19 in Polearms
 23226 | Swamp:1  | Entered Level 1 of the Swamp
 23758 | Swamp:1  | Received a gift from Trog
 23999 | Swamp:1  | Noticed Rupert
 24011 | Swamp:1  | Killed Rupert
 24812 | Swamp:2  | Noticed a tentacled monstrosity
 24827 | Swamp:2  | Killed a tentacled monstrosity
 25628 | Swamp:3  | Reached XP level 15. HP: 119/119 MP: 17/17
 25658 | Swamp:3  | Received a gift from Trog
 27034 | Swamp:4  | Received a gift from Trog
 27334 | Swamp:4  | Noticed Agnes
 27354 | Swamp:4  | Killed Agnes
 27422 | Swamp:4  | Reached skill level 20 in Dodging
 27599 | Swamp:5  | Entered Level 5 of the Swamp
 28210 | Swamp:5  | Received a gift from Trog
 28777 | Swamp:5  | Noticed Saint Roka
 28803 | Swamp:5  | Killed Saint Roka
 30163 | Temple   | Fell from the grace of Trog
 30163 | Temple   | Became a worshipper of Warmaster Okawaru
 30311 | Orc:1    | Entered Level 1 of the Orcish Mines
 30547 | Orc:1    | Found Ateokki's Armour Boutique.
 30715 | Orc:1    | Identified the Collected Works on Companions and the Compass
 31446 | Orc:2    | Noticed Maurice
 31460 | Orc:2    | Killed Maurice
 31689 | Orc:3    | Found Stiteorch's Distillery.
 31704 | Orc:3    | Bought a potion of porridge for 12 gold pieces
 31719 | Orc:3    | Found a staircase to the Elven Halls.
 31735 | Orc:3    | Found Acuck's Magical Wand Shoppe.
 31745 | Orc:3    | Noticed Urug
 31761 | Orc:3    | Killed Urug
 31771 | Orc:3    | Acquired Okawaru's first power
 32019 | Orc:3    | Found Clouc's Armour Emporium.
 32024 | Orc:3    | Bought a +1 pair of gauntlets of dexterity for 178 gold pieces
 32024 | Orc:3    | Bought a +1 cloak of preservation for 166 gold pieces
 32072 | Orc:4    | Entered Level 4 of the Orcish Mines
 32187 | Orc:4    | Reached XP level 16. HP: 108/129 MP: 18/18
 33076 | Orc:4    | Reached skill level 21 in Dodging
 34222 | Orc:4    | Found Coggaoss' Gadget Boutique.
 34223 | Orc:4    | Found Tuapnua's Antique Armour Emporium.
 34225 | Orc:4    | Found Areudiwnu's Armour Boutique.
 34225 | Orc:4    | Found Ulaubeun's Armour Emporium.
 34253 | Orc:4    | Bought a crude cloak for 150 gold pieces
 34257 | Orc:4    | Identified the -4 cloak of the Ward {Int+2 Dam+3} (You bought it in a shop on level 4 of the Orcish Mines)
 34394 | Orc:3    | Bought a potion of heal wounds for 36 gold pieces
 34394 | Orc:3    | Bought a potion of heal wounds for 36 gold pieces
 34394 | Orc:3    | Bought a potion of heal wounds for 36 gold pieces
 34394 | Orc:3    | Bought a potion of heal wounds for 36 gold pieces
 35475 | Swamp:5  | Got a decaying rune of Zot
 36314 | Spider:1 | Acquired Okawaru's second power
 36512 | Spider:1 | Received a gift from Okawaru
 36513 | Spider:1 | Got a twisted crossbow {god gift}
 37041 | Spider:2 | Reached skill level 15 in Fighting
 37597 | Spider:2 | Noticed Arachne
 38837 | Spider:3 | Reached skill level 22 in Dodging
 38839 | Spider:3 | Received a gift from Okawaru
 40010 | Spider:4 | Reached XP level 17. HP: 74/138 MP: 19/19
 41542 | Spider:5 | Entered Level 5 of the Spider Nest
 41948 | Spider:5 | Received a gift from Okawaru
 41949 | Spider:5 | Got a dazzling leather armour {god gift}
 41964 | Spider:5 | Identified the +1 leather armour of the Wild Haggis {Acc+3 Dam+4} (Okawaru gifted it to you on level 5 of the Spider Nest)
 42108 | Spider:5 | Identified a scroll of acquirement
 42198 | Spider:5 | Noticed Jory
 42240 | Spider:5 | Killed Jory
 42240 | Spider:5 | Reached skill level 23 in Dodging
 43924 | Spider:5 | Received a gift from Okawaru
 44656 | Spider:5 | Reached skill level 1 in Invocations
 44664 | Spider:5 | Got a gossamer rune of Zot
 45239 | D:10     | Entered Level 10 of the Dungeon
 45347 | D:10     | Found a radiant altar of Vehumet.
 45696 | D:10     | Noticed Psyche
 45706 | D:10     | Killed Psyche
 45708 | D:10     | Reached skill level 10 in Stealth
 46473 | D:11     | Found a white marble altar of Elyvilon.
 47550 | D:13     | Found a basalt altar of Yredelemnul.
 47894 | D:13     | Reached XP level 18. HP: 134/147 MP: 21/21
 47900 | D:13     | Received a gift from Okawaru
 48176 | D:13     | Reached skill level 24 in Dodging
 48755 | Elf:1    | Entered Level 1 of the Elven Halls
 49188 | Elf:1    | Found a radiant altar of Vehumet.
 49453 | Elf:2    | Noticed Snorg
 49456 | Elf:2    | Noticed Norris
 49463 | Elf:2    | Killed Snorg
 49471 | Elf:2    | Killed Norris
 49489 | Elf:2    | Received a gift from Okawaru
 50715 | Elf:3    | Entered Level 3 of the Elven Halls
 50987 | Elf:3    | Found Geasukkise's Magical Wand Boutique.
 51259 | Elf:3    | Found Cur Luuxku's Gadget Shoppe.
 51261 | Elf:3    | Found Saoxadea's Distillery.
 51270 | Elf:3    | Bought a potion of heal wounds for 54 gold pieces
 51625 | Elf:3    | Cast into the Abyss (deep elf sorcerer)
 51852 | Elf:3    | Escaped the Abyss
 52208 | D:14     | Entered Level 14 of the Dungeon
 52359 | D:14     | Received a gift from Okawaru
 52706 | D:14     | Was forgiven by Trog
 52711 | D:15     | Entered Level 15 of the Dungeon
 53709 | D:15     | Found a glowing silver altar of Zin.
 54434 | D:16     | Noticed Donald
 54499 | D:16     | Killed Donald
 54509 | D:16     | Found a staircase to the Vaults.
 54547 | D:16     | Reached XP level 19. HP: 103/154 MP: 19/21
 54842 | Vaults:1 | Entered Level 1 of the Vaults
 54845 | D:16     | Upgraded the game from 0.13.0-6-g40e4d2d to 0.13.0-7-g3df9ff1
 54885 | D:16     | Found a basalt altar of Yredelemnul.
 55043 | D:16     | Reached skill level 25 in Dodging
 55475 | D:16     | Got a pitted leather armour
 55484 | D:16     | Identified the +1 leather armour of Raskug {Dex+4 Int+4} (You found it on level 16 of the Dungeon)
 55605 | Vaults:1 | Received a gift from Okawaru
 55654 | Vaults:1 | Noticed Jorgrun
 56000 | Vaults:1 | Found Qarcho's General Store.
 56014 | Vaults:1 | Bought a scroll of enchant weapon II for 99 gold pieces
 56089 | Vaults:1 | Killed Jorgrun
 56117 | Vaults:1 | Found Umilap's Antique Armour Shoppe.
 56164 | Vaults:1 | Found Lavvy's Food Emporium.
 56185 | Vaults:1 | Found Heiwnept's Magic Scroll Emporium.
 56200 | Vaults:1 | Noticed Nikola
 56210 | Vaults:1 | Killed Nikola
 57073 | D:17     | Noticed Roxanne
 57091 | D:17     | Killed Roxanne
 57816 | D:17     | Learned a level 2 spell: Freezing Aura
 57933 | D:17     | Learned a level 1 spell: Infusion
 58465 | D:18     | Received a gift from Okawaru
 58475 | D:18     | Got a faintly humming cloak {god gift}
 58479 | D:18     | Identified the +1 cloak "Qabb" {+Blink +Rage +Inv Int+4 Dam+4} (Okawaru gifted it to you on level 18 of the Dungeon)
 61680 | D:19     | Found a shimmering altar of Xom.
 62000 | D:19     | Found a glowing silver altar of Zin.
 62182 | D:20     | Entered Level 20 of the Dungeon
 62308 | D:20     | Found a bloodstained altar of Trog.
 62403 | D:20     | Reached XP level 20. HP: 70/165 MP: 22/22
 62413 | D:20     | Received a gift from Okawaru
 62738 | D:20     | Paralysed by a potion of paralysis for 2 turns
 63574 | D:21     | Found a gateway to Hell.
 64124 | D:21     | Found a glowing silver altar of Zin.
 64128 | D:21     | Found a glowing silver altar of Zin.
 64283 | D:21     | Found a blossoming altar of Fedhas.
 64468 | D:21     | Reached skill level 26 in Dodging
 64663 | D:21     | Paralysed by a red wasp for 2 turns
 65229 | D:21     | Received a gift from Okawaru
 65391 | D:21     | Noticed Margery
 66110 | D:21     | Paralysed by a great orb of eyes for 3 turns
 66810 | Vaults:1 | Bought a meat ration for 52 gold pieces
 66810 | Vaults:1 | Bought a meat ration for 52 gold pieces
 66810 | Vaults:1 | Bought a meat ration for 52 gold pieces
 66810 | Vaults:1 | Bought a meat ration for 52 gold pieces
 66810 | Vaults:1 | Bought a meat ration for 52 gold pieces
 66810 | Vaults:1 | Bought a bread ration for 52 gold pieces
 66810 | Vaults:1 | Bought a meat ration for 52 gold pieces
 67145 | Vaults:1 | Received a gift from Okawaru
 67179 | Vaults:1 | Found Ofumufu's General Store.
 67826 | Vaults:1 | Reached XP level 21. HP: 177/177 MP: 23/23
 69170 | Vaults:2 | HP: 6/178 [yaktaur captain/orcish bardiche (15)]
 69173 | Vaults:2 | HP: 1/178 [vault guard/bardiche of flaming[a vault warden] (6)]
 69173 | Vaults:2 | Mangled by a yaktaur captain

Action                   |  1- 3 |  4- 6 |  7- 9 | 10-12 | 13-15 | 16-18 | 19-21 || total
-------------------------+-------+-------+-------+-------+-------+-------+-------++-------
Melee: Spear             |   139 |   317 |       |       |     1 |       |       ||   457
       Unarmed           |       |    12 |       |       |       |       |       ||    12
       Trident           |       |    39 |   535 |   202 |  1802 |  1330 |       ||  3908
       Glaive            |       |       |   104 |   105 |    56 |    80 |    32 ||   377
       Bardiche          |       |       |       |   279 |    38 |   952 |  1223 ||  2492
       Demon trident     |       |       |       |   257 |       |       |       ||   257
 Fire: Blowgun           |       |       |    24 |    13 |       |       |       ||    37
Throw: Javelin           |       |     3 |    17 |     4 |       |     8 |     3 ||    35
 Cast: Infusion          |       |       |       |       |       |       |     5 ||     5
       Freezing Aura     |       |       |       |       |       |       |     1 ||     1
Invok: Berserk           |       |     2 |     3 |     2 |     1 |       |       ||     8
       Brothers in Arms  |       |       |     2 |     2 |    10 |       |       ||    14
       Burn Spellbooks   |       |       |     1 |       |       |       |       ||     1
       Heroism           |       |       |       |       |       |    10 |     7 ||    17
       Finesse           |       |       |       |       |       |     2 |     1 ||     3
Evoke: Wand              |       |       |     4 |     4 |     6 |    14 |     2 ||    30
  Use: Scroll            |       |       |    15 |     5 |     9 |    15 |    31 ||    75
       Potion            |       |       |    11 |     2 |     7 |    16 |    19 ||    55
 Stab: Sleeping          |       |     3 |     8 |    11 |    38 |    59 |    49 ||   168
       Paralysed         |       |       |    13 |     1 |       |       |       ||    14
       Distracted        |       |       |     2 |     6 |     9 |    19 |    10 ||    46
       Invisible         |       |       |       |     5 |    12 |    16 |       ||    33
       Fleeing           |       |       |       |       |       |     1 |     2 ||     3
